 Dungeon Crawl Stone Soup version 0.24-a0-201-gf205589 (webtiles) character file.

Game seed: 16793982030296557900

385 Ivan the Cudgeler (level 6, 0/56 HPs)
             Began as a Minotaur Abyssal Knight on Mar 24, 2019.
             Was a Believer of Lugonu.
             Slain by a shadow imp (5 damage)
             ... on level 5 of the Dungeon.
             The game lasted 00:09:45 (3360 turns).

Ivan the Cudgeler (Minotaur Abyssal Knight)         Turns: 3360, Time: 00:09:45

Health: 0/56       AC:  3    Str: 19    XL:     6   Next: 48%
Magic:  6/6        EV: 12    Int:  9    God:    Lugonu [**....]
Gold:   217        SH:  0    Dex:  9    Spells: 5/5 levels left

rFire    . . .     SeeInvis .   a - +1 mace
rCold    . . .     Gourm    .   (no shield)
rNeg     . . .     Faith    .   b - +0 leather armour
rPois    .         Spirit   .   (helmet restricted)
rElec    .         Reflect  .   (no cloak)
rCorr    .         Harm     .   (no gloves)
MR       .....     Rnd*Tele +   (no boots)
Stlth    +.........             (no amulet)
HPRegen  0.18/turn              m - ring of teleportation (curse)
MPRegen  0.10/turn              (no ring)

@: no status effects
A: retaliatory headbutt, horns 2
a: Depart the Abyss, Bend Space, Renounce Religion


You were on level 5 of the Dungeon.
You worshipped Lugonu.
Lugonu was pleased with you.
You were hungry.

You visited 1 branch of the dungeon, and saw 5 of its levels.
You visited the Abyss 1 time.

You collected 217 gold pieces.

Inventory:

Hand Weapons
 a - a +1 mace (weapon)
 v - a +1 spear of freezing
Armour
 b - a +0 leather armour (worn)
Jewellery
 m - a cursed ring of teleportation (left hand)
Scrolls
 d - 4 scrolls of remove curse {unknown}
 e - 7 scrolls of identify {unknown}
 g - a scroll of amnesia {unknown}
 h - 3 scrolls of teleportation {unknown}
 l - 3 scrolls of immolation {unknown}
 o - 5 scrolls of fear {unknown}
 t - 2 scrolls of enchant armour {unknown}
 u - 2 scrolls of magic mapping {unknown}
Potions
 f - a potion of lignification {unknown}
 i - 3 potions of flight {unknown}
 j - a potion of heal wounds {unknown}
 k - a potion of agility {unknown}
 n - a potion of invisibility {unknown}
 p - 2 potions of curing
 q - a potion of resistance {unknown}
 r - a potion of brilliance {unknown}
 s - a potion of ambrosia {unknown}
 w - a potion of mutation {unknown}
Comestibles
 c - 10 rations


   Skills:
 + Level 5.4 Fighting
 + Level 5.7 Maces & Flails
 + Level 3.9 Armour
 + Level 2.5 Dodging
 + Level 0.9 Stealth
 + Level 2.0 Invocations


You had 5 spell levels left.
You didn't know any spells.
Your spell library was empty.

Dungeon Overview and Level Annotations

Branches:
Dungeon (5/15)
 Temple: D:4-7

Altars:
Qazlal
Sif Muna
The Shining One

Shops:
D:5 :


Innate Abilities, Weirdness & Mutations

You reflexively headbutt those who attack you in melee.
You have a pair of horns on your head.


Message History

The gnoll is severely wounded.
The gnoll hits you but does no damage. The gnoll sergeant misses you.
You barely miss the gnoll.
The gnoll is severely wounded.
The gnoll misses you. The gnoll sergeant misses you.
You sock the gnoll!
You kill the gnoll!
Lugonu accepts your kill. The gnoll sergeant closely misses you.
You sock the shadow imp!
The shadow imp is almost dead.
The shadow imp closely misses you.
The gnoll sergeant hits you from afar with a +0 trident!
* * * LOW HITPOINT WARNING * * *
The shadow imp closely misses you.
It was a potion of curing.
You feel better.
The gnoll sergeant hits you from afar with a +0 trident.
* * * LOW HITPOINT WARNING * * *
The shadow imp hits you.
You die...

#.#.........#
####
#...........###
....
.'.........'.
#### #.........#
#.......# #.....#
#.gg# ##5##
#######@## #
#........#
###.###.#####..#
........####.>.#
.##....).........
#####†####...#.#
.######†#
##..#...
........######.#
###
#######))......#


You could see a gnoll sergeant, a gnoll and a shadow imp.

Vanquished Creatures
  A bullfrog zombie (D:5)
  3 orc priests
  2 bullfrog skeletons (D:4)
  2 worker ants
  A hound skeleton (D:4)
  4 adders
  2 gnolls (D:5)
  An adder skeleton (D:4)
  A worm (D:2)
  2 dart slugs
  4 leopard geckos
  9 orcs
  4 bats
  5 giant cockroaches
  9 goblins
  9 hobgoblins
  7 kobolds
  3 quokkas
  A ball python (D:1)
  A frilled lizard (D:3)
  10 rats
81 creatures vanquished.

Notes
Turn   | Place    | Note
-------+----------+-------------------------------------------
     0 | Abyss:1  | Ivan the Minotaur Abyssal Knight began the quest for the
                  | Orb.
     0 | Abyss:1  | Reached XP level 1. HP: 19/19 MP: 1/1
     4 | Abyss:1  | Found a corrupted altar of Lugonu.
    25 | Abyss:1  | Found a corrupted altar of Lugonu.
    69 | Abyss:1  | Noticed a small abomination
    70 | D:1      | Escaped the Abyss
   342 | D:1      | Reached * piety under Lugonu
   342 | D:1      | Reached XP level 2. HP: 26/27 MP: 2/2
   863 | D:2      | Reached XP level 3. HP: 23/33 MP: 3/3
  1232 | D:2      | Found a glowing golden altar of the Shining One.
  1680 | D:2      | Found a stormy altar of Qazlal.
  1892 | D:2      | Reached XP level 4. HP: 41/41 MP: 4/4
  1932 | D:3      | Reached ** piety under Lugonu
  2091 | D:3      | Reached XP level 5. HP: 44/47 MP: 5/5
  2404 | D:3      | Found a deep blue altar of Sif Muna.
  2666 | D:4      | Reached skill level 5 in Fighting
  2871 | D:4      | Reached skill level 5 in Maces & Flails
  2950 | D:4      | Reached XP level 6. HP: 40/56 MP: 6/6
  3213 | D:5      | Entered Level 5 of the Dungeon
  3213 | D:5      | Found Meupn's Book Emporium.
  3360 | D:5      | Slain by a shadow imp

Levels and vault maps discovered:
D:1:      ncdulo_watergridlock, layout_basic
D:2:      layout_loops_corners, marbit_many_paths, first_ration,
          nicolae_tso_carved_into_rock
D:3:      layout_rooms, lemuel_blue_sif_altar
D:4:      minmay_skewed_foursquare, layout_basic, due_unseen_surprise
D:5:      layout_loops_corners, kiku_gazebo_garden_becter, serial_shops, shop,
          uniq_ijyb, uniq_crazy_yiuf_cottage
Abyss:1

Skill      XL: |  1  2  3  4  5 |
---------------+----------------+-----
Fighting       | 4 5 |  5.4
Maces & Flails | 3 4 5 |  5.7
Invocations    | 2 |  2.0
Armour         | 3 |  3.9
Dodging        | 2 |  2.5
Stealth        | |  0.9

Action                   |  1- 3 |  4- 6 || total
-------------------------+-------+-------++-------
Melee: Mace              |    88 |    99 ||   187
       Headbutt          |    11 |    17 ||    28
Invok: Depart the Abyss  |     1 |       ||     1
  Use: Potion            |       |     1 ||     1
 Stab: Sleeping          |       |     1 ||     1
  Eat: Chunk             |     2 |     5 ||     7
Armor: Leather armour    |    18 |    21 ||    39
Dodge: Dodged            |    69 |    79 ||   148

Table legend:
 A = Non-vault XP
 B = Vault XP
 C = Vault XP percentage of total XP
 D = Non-vault monster count
 E = Vault monster count
 F = Vault count percentage of total count
                 A         B        C        D         E       F
            +---------+---------+-------+---------+---------+-------
      Total |     412 |     139 |  25.2 |      75 |       6 |   7.4
            +---------+---------+-------+---------+---------+-------
        D:1 |      25 |       0 |   0.0 |      14 |       0 |   0.0
        D:2 |      69 |       4 |   5.5 |      25 |       1 |   3.8
        D:3 |     141 |       0 |   0.0 |      24 |       0 |   0.0
        D:4 |      20 |     135 |  87.1 |       3 |       5 |  62.5
        D:5 |     157 |       0 |   0.0 |       9 |       0 |   0.0
            +---------+---------+-------+---------+---------+-------
